 Dungeon Crawl Stone Soup version 0.31.0-11-ge490571c62 (webtiles) character file.

Game seed: 16554237436921281582

380 qw the Ducker (level 6, -5/30 HPs)
             Began as a Spriggan Hunter on Feb 3, 2024.
             Was an Initiate of Okawaru.
             Slain by Dowan
             ... wielding a +0 dagger
              (11 damage)
             ... on level 6 of the Dungeon.
             The game lasted 00:00:47 (4416 turns).

qw the Ducker (Spriggan Hunter)                     Turns: 4416, Time: 00:00:47

Health: -5/30      AC:  2    Str:  7    XL:     6   Next: 46%
Magic:  7/7        EV:  4    Int: 10    God:    Okawaru [......]
Gold:   169        SH:  0    Dex: 21    Spells: 5/5 levels left

rFire   . . .        a - +0 shortbow
rCold   . . .        (shield currently unavailable)
rNeg    . . .        c - +0 robe
rPois   .            (helmet restricted)
rElec   .            (no cloak)
rCorr   .            (gloves unavailable)
SInv    +            (boots unavailable)
Will    +....        (no amulet)
Stlth   ++           (no ring)
HPRegen 0.25/turn    (no ring)
MPRegen 0.10/turn

%: no passive effects
@: sleeping, very quick
A: very small, no large weapons, unfitting armour, see invisible, speed 3
a: Renounce Religion


You were on level 6 of the Dungeon.
You worshipped Okawaru.
Okawaru was noncommittal.
You visited 2 branches of the dungeon, and saw 7 of its levels.

You collected 169 gold pieces.


Innate Abilities, Weirdness & Mutations

You are very small and have problems with some larger weapons.
You are too small for most types of armour.
You have supernaturally acute eyesight. (SInv)
You cover ground extremely quickly. (Speed+++)


   Skills:
 - Level 2.1 Fighting
 + Level 6.2 Ranged Weapons
 - Level 6.2 Dodging
 - Level 1.5 Stealth


You had 5 spell levels left.
You didn't know any spells.
Your spell library was empty.

Inventory:

Hand Weapons
 a - a +0 shortbow (weapon)
Armour
 c - a +0 robe (worn)
Jewellery
 d - the amulet of Midsummer {Reflect ^Contam Harm Regen+ Int-5 SH+5}
   (You found it on level 2 of the Dungeon)

   [amulet of reflection]

   Reflect:   It reflects blocked missile attacks.
   Int-5:     It affects your intelligence (-5).
   ^Contam:   It causes magical contamination when unequipped.
   Regen+:    It increases your rate of health regeneration.
   SH+5:      It affects your SH (+5).
   Harm:      It increases damage dealt and taken.
Wands
 m - a wand of paralysis (9)
Scrolls
 j - 2 scrolls of teleportation
 l - 3 scrolls of enchant armour
Potions
 e - 2 potions of heal wounds
 f - 2 potions of mutation
 g - a potion of might
 h - a potion of resistance
 i - a potion of curing

Dungeon Overview and Level Annotations

Branches:
Dungeon (6/15)             Temple (1/1) D:5

Altars:
Elyvilon
Fedhas
Gozag
Hepliaklqana
Kikubaaqudgha
Makhleb
Nemelex Xobeh
Okawaru
Qazlal
Ru
Sif Muna
Trog
Uskayaw
Vehumet
Wu Jian
Xom
Yredelemnul
Zin
The Shining One

Shops:
D:5 =

Annotations:
D:6 Dowan, Duvessa, Eustachio


Message History

You shoot an arrow. The arrow hits Dowan.
Dowan is heavily wounded.
Dowan says, "Where the sword fails, magic succeeds!"
Dowan closely misses you.
You shoot an arrow. The arrow hits Dowan.
Dowan is severely wounded.
Dowan points at you and mumbles some strange words.
The puff of flame hits you!
You shoot an arrow. The arrow misses Dowan.
The arrow hits the sleepcap!
The sleepcap is moderately damaged.
Dowan closely misses you.
You shoot an arrow. The arrow barely misses Dowan.
The arrow hits the sleepcap but does no damage.
The sleepcap is moderately damaged.
Dowan misses you. Dowan completely misses you.
Eustachio mumbles some strange words.
Eustachio blinks!
You shoot an arrow. The arrow closely misses Dowan.
The arrow hits the sleepcap but does no damage.
The sleepcap is moderately damaged.
Dowan hits you with a +0 dagger.
You shoot an arrow. The arrow closely misses Dowan.
The arrow hits the sleepcap!
The sleepcap is heavily damaged.
Dowan hits you with a +0 dagger.
Eustachio mumbles some strange words.
Eustachio blinks!
You shoot an arrow. The arrow closely misses Dowan.
The arrow hits the sleepcap.
The sleepcap is severely damaged.
Dowan mumbles some strange words.
Dowan blinks!
You shoot an arrow. The arrow hits the sleepcap.
The sleepcap is severely damaged.
The sleepcap completely misses you.
You shoot an arrow. The arrow hits Dowan.
Dowan is severely wounded.
Dowan misses you. The sleepcap releases spores at you!
You are engulfed in a cloud of soporific spores!
You fall asleep.
Dowan hits you with a +0 dagger!
You die...

.........
#.....!.
##......
..@...
.e.. #Y5
#f## #@.##
##e.#
#.......>
#[.......
#........
.........
.........
.........
#....)....


You could see Eustachio, Duvessa (paralysed), an ice beast, a sleepcap, Dowan
and a shadow imp.

Vanquished Creatures
  A jelly (D:4)
  2 orc priests
  A bombardier beetle (D:4)
  2 hounds (D:5)
  2 orc wizards
  Robin (D:2)
  3 adders
  4 dart slugs
  A ribbon worm (D:2)
  14 orcs
  7 endoplasms
  5 giant cockroaches
  12 goblins
  7 hobgoblins
  5 jackals
  4 kobolds
  3 quokkas
  6 ball pythons
  5 bats
  2 frilled lizards (D:1)
  5 rats
  A spectral kobold (D:1)
93 creatures vanquished.

Notes
Turn   | Place    | Note
-------+----------+-------------------------------------------
     0 | D:1      | qw the Spriggan Hunter began the quest for the Orb.
     0 | D:1      | Reached XP level 1. HP: 10/10 MP: 2/2
     0 | D:1      | 0 ||| qw: Version: 0.3-a-155-g5e7d8dd
     0 | D:1      | 0 ||| qw: Game counter: 3226
     0 | D:1      | 0 ||| qw: Melee chars always use a shield: true
     0 | D:1      | 0 ||| qw: God list: Okawaru
     0 | D:1      | 0 ||| qw: Allow faded altars: false
     0 | D:1      | 0 ||| qw: Do Orc after clearing Dungeon:15 true
     0 | D:1      | 0 ||| qw: Do second Lair branch before Depths: true
     0 | D:1      | 0 ||| qw: Lair rune preference: random
     0 | D:1      | 0 ||| qw: Goals: Normal
     0 | D:1      | 0 ||| PLANNING D:1-11
    32 | D:1      | Reached skill level 3 in Dodging
   132 | D:1      | Found a faded altar of an unknown god.
   182 | D:1      | Reached XP level 2. HP: 14/14 MP: 3/3
   751 | D:1      | 751 ||| READING 2 scrolls labelled PERROA OHOY.
   754 | D:1      | 754 ||| READING scroll labelled ZYM BEISTREMU.
   754 | D:1      | 754 ||| IDENTIFYING murky yellow potion
   755 | D:1      | 755 ||| DROPPING scroll of butterflies.
   756 | D:1      | 756 ||| DROPPING potion of magic.
   769 | D:2      | 769 ||| STAIRDANCE
   801 | D:2      | Reached XP level 3. HP: 18/18 MP: 4/4
   813 | D:2      | HP: 4/18 [poisoned by an adder]
   814 | D:2      | 814 ||| READING scroll of teleportation.
  1022 | D:2      | Identified the amulet of Midsummer {Reflect ^Contam Harm
                  | Regen+ Int-5 SH+5}
  1183 | D:2      | Noticed Robin
  1194 | D:2      | HP: 3/18 [goblin/+0 dagger[Robin] (4)]
  1196 | D:2      | Reached XP level 4. HP: 4/22 MP: 5/5
  1198 | D:2      | Killed Robin
  1444 | D:2      | 1444 ||| READING 2 scrolls of identify.
  1444 | D:2      | 1444 ||| IDENTIFYING coppery potion
  2296 | D:3      | 2296 ||| READING 2 scrolls of identify.
  2296 | D:3      | 2296 ||| IDENTIFYING metallic amethyst potion
  2297 | D:3      | 2297 ||| READING scroll of identify.
  2297 | D:3      | 2297 ||| IDENTIFYING murky brown potion
  2298 | D:3      | 2298 ||| READING scroll labelled WORAPT VAFF.
  2340 | D:3      | 2340 ||| READING scroll labelled FOIJAGALEASK.
  2341 | D:3      | 2341 ||| READING scroll labelled YMMEZI HEBEGH.
  2342 | D:3      | 2342 ||| DRINKING 2 emerald potions.
  2343 | D:3      | 2343 ||| DROPPING potion of lignification.
  2460 | D:4      | 2460 ||| FLEEEEING.
  2461 | D:4      | 2461 ||| FLEEEEING.
  2462 | D:4      | 2462 ||| FLEEEEING.
  2463 | D:4      | 2463 ||| FLEEEEING.
  2465 | D:4      | 2465 ||| FLEEEEING.
  2467 | D:4      | 2467 ||| FLEEEEING.
  2469 | D:4      | 2469 ||| FLEEEEING.
  2472 | D:4      | 2472 ||| FLEEEEING.
  2474 | D:4      | 2474 ||| FLEEEEING.
  2476 | D:4      | 2476 ||| FLEEEEING.
  2478 | D:4      | 2478 ||| FLEEEEING.
  2480 | D:4      | 2480 ||| FLEEEEING.
  2482 | D:4      | 2482 ||| FLEEEEING.
  2484 | D:4      | 2484 ||| FLEEEEING.
  2486 | D:4      | 2486 ||| FLEEEEING.
  2488 | D:4      | 2488 ||| FLEEEEING.
  2490 | D:4      | 2490 ||| FLEEEEING.
  2492 | D:4      | 2492 ||| STAIRDANCE
  2544 | D:4      | Reached XP level 5. HP: 26/26 MP: 6/6
  2614 | D:4      | Found a sparkling altar of Nemelex Xobeh.
  2768 | D:4      | Found an ancient bone altar of Kikubaaqudgha.
  2771 | D:4      | Found a sacrificial altar of Ru.
  2815 | D:4      | 2815 ||| FLEEEEING.
  2816 | D:4      | 2816 ||| FLEEEEING.
  2817 | D:4      | 2817 ||| FLEEEEING.
  2818 | D:4      | 2818 ||| FLEEEEING.
  2819 | D:4      | 2819 ||| FLEEEEING.
  2820 | D:4      | 2820 ||| FLEEEEING.
  2821 | D:4      | 2821 ||| FLEEEEING.
  2822 | D:4      | 2822 ||| FLEEEEING.
  2823 | D:4      | 2823 ||| FLEEEEING.
  2824 | D:4      | 2824 ||| FLEEEEING.
  2827 | D:4      | 2827 ||| FLEEEEING.
  2908 | D:4      | Reached skill level 6 in Ranged Weapons
  3347 | D:4      | Reached XP level 6. HP: 15/30 MP: 7/7
  3542 | D:4      | 3542 ||| READING scroll of identify.
  3542 | D:4      | 3542 ||| IDENTIFYING ruby potion
  3543 | D:4      | 3543 ||| READING scroll labelled ABAIDD EMIAL.
  3544 | D:4      | 3544 ||| READING 3 scrolls labelled ATAEN JUSIXT.
  3544 | D:4      | 3544 ||| ENCHANTING +0 shortbow.
  3595 | D:5      | Entered Level 5 of the Dungeon
  3738 | D:5      | 3738 ||| READING scroll of identify.
  3738 | D:5      | 3738 ||| IDENTIFYING brown potion
  3806 | D:5      | Found a staircase to the Ecumenical Temple.
  3807 | D:5      | 3807 ||| PLANNING TEMPLE
  3812 | D:5      | Reached skill level 6 in Dodging
  3823 | Temple   | Entered the Ecumenical Temple
  3824 | Temple   | 3824 ||| PLANNING OKAWARU WORSHIP
  3831 | Temple   | Became a worshipper of Warmaster Okawaru
  3832 | Temple   | 3832 ||| PLANNING D:1-11
  4098 | D:5      | Found Olinwig's Jewellery Shop.
  4104 | D:5      | 4104 ||| SHOPLISTING +5 ring of evasion (504 gold, have
                  | 169).
  4104 | D:5      | 4104 ||| SHOPLISTING amulet of reflection (420 gold, have
                  | 169).
  4104 | D:5      | 4104 ||| SHOPLISTING ring of poison resistance (280 gold,
                  | have 169).
  4104 | D:5      | 4104 ||| SHOPLISTING ring of protection from fire (350
                  | gold, have 169).
  4283 | D:5      | 4283 ||| READING scroll labelled UREXUIFRUGO.
  4398 | D:6      | Noticed Eustachio
  4399 | D:6      | 4399 ||| ZAPPING wand of paralysis (12) at -1,-7
                  | (Eustachio; floor).
  4399 | D:6      | Noticed Dowan
  4399 | D:6      | Noticed Duvessa
  4400 | D:6      | 4400 ||| ZAPPING wand of paralysis (11) at -1,-6 (Duvessa;
                  | floor).
  4403 | D:6      | 4403 ||| ZAPPING wand of paralysis (10) at -1,-3 (Duvessa;
                  | floor).
  4405 | D:6      | Noticed an ice beast
  4406 | D:6      | 4406 ||| RETREEEEATING.
  4415 | D:6      | HP: 6/30 [sleepcap (7)]
  4416 | D:6      | Slain by Dowan

Levels and vault maps discovered:
D:1:      dpeg_arrival_erosion, layout_basic,
          dreamdust_ecumenical_altar_drowned_temple, nicolae_figureground_pulse
D:2:      layout_loops_cross, uniq_robin
D:3:      layout_basic, minmay_misc_feat_roman, nrook_mini_backslash,
          kennysheep_generic_room_12
D:4:      layout_layer_cave, nemelex_xobeh_ov_fountains_minmay,
          nicolae_overflow_hidden_temple
D:5:      layout_cave_pools, minmay_temple_entry_proselytizer, serial_shops,
          nicolae_shop_just_a_little_nook, item_on_display_a
D:6:      layout_rooms, kennysheep_generic_room_10, uniq_duvessa, uniq_menkaure,
          uniq_eustachio
Temple:   compressed_dpeg_triangle_lava_temple

Skill      XL: |  1  2  3  4  5  6 |
---------------+-------------------+-----
Dodging        | 3 4 5 6 |  6.2
Ranged Weapons | 5 6 |  6.2
Fighting       | 2 |  2.1
Stealth        | |  1.5

Action                     |  1- 3 |  4- 6 || total
---------------------------+-------+-------++-------
   Fire: Shortbow          |   129 |   175 ||   304
  Evoke: Wand              |       |     3 ||     3
    Use: Scroll            |     3 |    11 ||    14
         Potion            |       |     1 ||     1
 Armour: Robe              |    23 |    18 ||    41
  Dodge: Dodged            |    51 |    51 ||   102

Table legend:
 A = Non-vault XP
 B = Vault XP
 C = Vault XP percentage of total XP
 D = Non-vault monster count
 E = Vault monster count
 F = Vault count percentage of total count
                 A         B        C        D         E       F
            +---------+---------+-------+---------+---------+-------
      Total |     468 |      76 |  14.0 |      79 |      14 |  15.1
            +---------+---------+-------+---------+---------+-------
        D:1 |      37 |       1 |   2.6 |      21 |       1 |   4.5
        D:2 |      48 |      34 |  41.5 |      19 |      11 |  36.7
        D:3 |      66 |       1 |   1.5 |      14 |       1 |   6.7
        D:4 |     202 |       0 |   0.0 |      20 |       0 |   0.0
        D:5 |     115 |      40 |  25.8 |       5 |       1 |  16.7
            +---------+---------+-------+---------+---------+-------
